 Dungeon Crawl Stone Soup version 0.29-a0-841-g116ddc6ace (webtiles) character file.

Game seed: 16914685320787891832

7030 IdlyInterested the Basher (level 10, -6/71 HPs)
             Began as a Demonspawn Gladiator on July 14, 2022.
             Mangled by a two-headed ogre
             ... wielding a +0 giant spiked club
              (14 damage)
             ... on level 10 of the Dungeon.
             The game lasted 00:31:27 (11293 turns).

IdlyInterested the Basher (Demonspawn Gladiator)   Turns: 11293, Time: 00:31:28

Health: -6/71      AC: 18    Str: 16    XL:     10   Next: 82%
Magic:  16/16      EV:  4    Int: 17    God:
Gold:   463        SH: 14    Dex: 18    Spells: 17/17 levels left

rFire   . . .      SeeInvis .   L - +0 morningstar
rCold   . . .      Faith    .   r - +0 kite shield
rNeg    . . .      Spirit   .   K - +0 plate armour
rPois   +          Reflect  +   c - +0 helmet
rElec   .          Harm     .   H - scarf {+Inv}
rCorr   .          Rampage  .   (no gloves)
Will    .....                   l - +0 pair of boots
Stlth   ..........              D - amulet of reflection
HPRegen 0.21/turn               i - ring of poison resistance
MPRegen 0.15/turn               N - +4 ring of protection

@: no status effects
A: spiny 1, big brain 3, weakness stinger 1, fangs 1, agile 1
a: Evoke Invisibility


You were on level 10 of the Dungeon.
You visited 2 branches of the dungeon, and saw 11 of its levels.

You collected 667 gold pieces.
You spent 204 gold pieces at shops.

Inventory:

Hand Weapons
 a - a +0 flail of electrocution
 G - a +1 whip of flaming
 I - a +0 dire flail of draining
 J - a +2 vorpal flail
 L - a +0 morningstar (weapon)
 M - the +4 quarterstaff of Igaxyz {venom, *Noise rElec rN+}
   (You found it on level 7 of the Dungeon)

   It poisons the flesh of those it strikes.
   rElec:     It insulates you from electricity.
   rN:        It protects you from negative energy.
   *Noise:    It may make noises in combat.
Missiles
 d - 3 throwing nets
 e - a javelin
 k - 2 silver javelins
 p - 16 poisoned darts
 C - 6 boomerangs (quivered)
 E - 3 silver boomerangs
Armour
 c - a +0 helmet (worn)
 l - a +0 pair of boots (worn)
 r - a +0 kite shield (worn)
 H - a scarf of invisibility (worn)
 K - a +0 plate armour (worn)
 O - a +0 troll leather armour
Jewellery
 i - a ring of poison resistance (left hand)
 m - an amulet of faith
 q - a ring of positive energy
 s - an amulet of the acrobat
 D - an amulet of reflection (around neck)
 N - a +4 ring of protection (right hand)
Wands
 f - a wand of polymorph (29)
 g - a wand of flame (59)
Scrolls
 n - 8 scrolls of teleportation
 v - a scroll of enchant weapon
 x - 7 scrolls of magic mapping
 y - 3 scrolls of fog
 P - a scroll of blinking
Potions
 h - 3 potions of brilliance
 j - a potion of might
 o - 2 potions of cancellation
 t - 3 potions of mutation
 u - a potion of magic
 w - 4 potions of haste
 z - a potion of flight
 F - a potion of resistance


   Skills:
 - Level 4.0 Fighting
 * Level 13.6 Maces & Flails
 - Level 1.7 Throwing
 - Level 4.0 Armour
 - Level 2.6 Dodging
 - Level 1.0 Stealth
 - Level 2.0 Shields
 - Level 4.0 Spellcasting
 - Level 1.0 Evocations


You had 17 spell levels left.
You didn't know any spells.
Your spell library contained the following spells:

 Spells                   Type           Power      Damage    Failure   Level
 Conjure Flame            Conj/Fire      3%         6-21      100%        3
 Ignite Poison            Fire/Tmut/Pois 3%         N/A       100%        3
 Ozocubu's Armour         Ice            3%         N/A       100%        3
 Hailstorm                Conj/Ice       3%         3d3       100%        4
 Ice Form                 Ice/Tmut       3%         N/A       100%        4
 Sticky Flame             Conj/Fire      3%         2d3       100%        4
 Summon Ice Beast         Ice/Summ       3%         N/A       100%        4
 Metabolic Englaciation   Hex/Ice        1%         N/A       100%        5
 Summon Mana Viper        Hex/Summ       3%         N/A       100%        5
 Simulacrum               Ice/Necr       1%         N/A       100%        6
 Monstrous Menagerie      Summ           1%         N/A       100%        7


Dungeon Overview and Level Annotations

Branches:
Dungeon (10/15)            Temple (1/1) D:6            Lair (0/6) D:8
    Orc: D:9-12

Altars:
Cheibriados
Dithmenos
Fedhas
Gozag
Hepliaklqana
Kikubaaqudgha
Makhleb
Nemelex Xobeh
Okawaru
Qazlal
Ru
Sif Muna
Trog
Uskayaw
Vehumet
Wu Jian
Xom
Yredelemnul

Shops:
D:7 ?   D:10 [


Innate Abilities, Weirdness & Mutations

You are partially covered in sharp spines.
You have an absolutely massive brain. (Int +6, Wiz)
You have a small tail.
You have very sharp teeth.
You are agile. (Dex +4, Str/Int -1)


Message History

The kobold hits you but does no damage.
The kobold brigand hits you but does no damage.
You hit the kobold brigand. You tail-slap the kobold brigand.
You bite the kobold brigand.
The kobold brigand is heavily wounded.
The kobold is struck by your spines.
You kill the kobold!
The kobold brigand hits you but does no damage.
You barely miss the kobold brigand.
You bite the kobold brigand, but do no damage.
The kobold brigand is heavily wounded.
You block the kobold brigand's attack. You block the two-headed ogre's attack.
The two-headed ogre hits you but does no damage.
You closely miss the kobold brigand.
Your tail-slap misses the kobold brigand.
The kobold brigand is heavily wounded.
You block the kobold brigand's attack.
The two-headed ogre is struck by your spines.
The two-headed ogre hits you with a +0 giant spiked club!
You block the two-headed ogre's attack.
You sock the kobold brigand!
The kobold brigand is almost dead.
The kobold brigand hits you but does no damage.
You hit the kobold brigand.
You kill the kobold brigand!
The two-headed ogre is struck by your spines.
The two-headed ogre hits you with a +0 giant spiked club!
The two-headed ogre hits you with a +0 giant club!!
Training target 2.0 for Shields reached!
Your Shields skill increases to level 2!
You barely miss the two-headed ogre.
You tail-slap the two-headed ogre, but do no damage.
You bite the two-headed ogre.
The two-headed ogre is moderately wounded.
You block the kobold's attack.
The two-headed ogre is struck by your spines.
The two-headed ogre hits you with a +0 giant spiked club!
* * * LOW HITPOINT WARNING * * *
The two-headed ogre hits you with a +0 giant club!
You die...

#.. .#.
.. .# #
##.#.##.#
#.......#
#.# #O#
#@# #K#
#.. ####


You could see a two-headed ogre and a kobold.

Vanquished Creatures
  Erica (D:9)
  2 two-headed ogres
  Pikel (D:5)
  Joseph (D:8)
  The ghost of SkeletonJelly the Slasher, a novice DsGl of Yredelemnul (D:6)
  2 trolls
  Prince Ribbit (D:5)
  4 yaks (D:9)
  A wraith (D:8)
  Eustachio (D:4)
  Edmund (D:5)
  2 water moccasins
  An ice beast (D:6)
  An orc warrior (D:5)
  A black bear (D:5)
  A lemure (D:5)
  A centaur (D:8)
  2 phantoms
  A kobold brigand (D:10)
  5 bullfrogs
  2 scorpions
  2 necrophages
  7 killer bees
  An electric eel (D:7)
  6 howler monkeys
  2 hounds
  A jelly (D:4)
  A gnoll bouda (D:6)
  2 orc priests
  4 iguanas
  An orc wizard (D:4)
  Natasha (thrice) (D:4)
  Robin (D:3)
  10 adders
  9 gnolls
  3 shadow imps
  A white imp (D:7)
  3 dart slugs
  24 orcs
  9 ball pythons
  3 bats
  6 endoplasms
  3 giant cockroaches
  12 goblins
  12 hobgoblins
  6 jackals
  2 quokkas
  2 frilled lizards (D:1)
  7 kobolds
  5 rats
181 creatures vanquished.

Vanquished Creatures (others)
  A plant (D:6)
1 creature vanquished.

Grand Total: 182 creatures vanquished

Notes
Turn   | Place    | Note
-------+----------+-------------------------------------------
     0 | D:1      | IdlyInterested the Demonspawn Gladiator began the quest for
                  | the Orb.
     0 | D:1      | Reached XP level 1. HP: 16/16 MP: 1/1
   165 | D:1      | Gained mutation: You have an unusually large brain. (Int
                  | +2) [demonic ancestry]
   165 | D:1      | Reached XP level 2. HP: 19/22 MP: 2/2
   332 | D:1      | Reached skill level 1 in Stealth
   332 | D:1      | Reached skill level 1 in Evocations
   552 | D:1      | Reached skill level 3 in Maces & Flails
  1017 | D:2      | Found the +7 Throatcutter {drain, coup de grace}
  1046 | D:2      | Gained mutation: You are partially covered in sharp spines.
                  | [demonic ancestry]
  1046 | D:2      | Reached XP level 3. HP: 25/27 MP: 3/3
  1085 | D:2      | Reached skill level 1 in Armour
  1911 | D:3      | Gained mutation: You have an extremely huge brain. (Int +4)
                  | [demonic ancestry]
  1911 | D:3      | Reached XP level 4. HP: 33/33 MP: 4/4
  2151 | D:3      | Noticed Robin
  2159 | D:3      | Killed Robin
  2160 | D:3      | Reached skill level 4 in Maces & Flails
  2962 | D:4      | Noticed Natasha
  2967 | D:4      | Killed Natasha
  2973 | D:4      | Reached XP level 5. HP: 34/38 MP: 5/5
  3103 | D:4      | Found a hazy altar of Hepliaklqana.
  3118 | D:4      | Noticed Natasha
  3123 | D:4      | Killed Natasha
  3212 | D:4      | HP: 1/39 [iguana (3)]
  3584 | D:4      | Noticed Natasha
  3585 | D:4      | Killed Natasha
  3586 | D:4      | Reached skill level 5 in Maces & Flails
  3811 | D:4      | Found a shadowy altar of Dithmenos.
  3811 | D:4      | Noticed a shadow
  3876 | D:4      | Reached XP level 6. HP: 35/46 MP: 6/6
  4075 | D:4      | Noticed Eustachio
  4081 | D:4      | Killed Eustachio
  4253 | D:4      | Found a sparkling altar of Nemelex Xobeh.
  4416 | D:5      | Entered Level 5 of the Dungeon
  4421 | D:5      | Noticed Prince Ribbit
  4427 | D:5      | Reached skill level 6 in Maces & Flails
  4432 | D:5      | Killed Prince Ribbit
  4433 | D:5      | Gained mutation: You have a small tail. [demonic ancestry]
  4433 | D:5      | Reached XP level 7. HP: 40/54 MP: 7/7
  4607 | D:5      | Noticed Pikel
  4634 | D:5      | Killed Pikel
  4635 | D:5      | Reached skill level 7 in Maces & Flails
  4635 | D:5      | Reached XP level 8. HP: 8/60 MP: 8/8
  4955 | D:5      | Noticed Edmund
  4963 | D:5      | Killed Edmund
  4964 | D:5      | Reached skill level 8 in Maces & Flails
  5499 | D:5      | Gained mutation: You are agile. (Dex +4, Str/Int -1)
                  | [potion of mutation]
  5499 | D:5      | Gained mutation: You have very sharp teeth. [potion of
                  | mutation]
  5597 | D:6      | Reached skill level 1 in Spellcasting
  5607 | D:6      | Found a runed translucent door.
  5619 | D:6      | Found a staircase to the Ecumenical Temple.
  5638 | Temple   | Entered the Ecumenical Temple
  5638 | Temple   | Found a transporter.
  5638 | Temple   | Found a transporter.
  5640 | Temple   | Found a transporter.
  5640 | Temple   | Found a transporter.
  5809 | D:6      | Reached skill level 9 in Maces & Flails
  6003 | D:6      | Noticed a troll
  6015 | D:6      | Killed a troll
  6016 | D:6      | Reached XP level 9. HP: 39/65 MP: 11/13
  6226 | D:6      | Found a blossoming altar of Fedhas.
  6349 | D:6      | Noticed SkeletonJelly's ghost (novice DsGl)
  6396 | D:6      | Killed SkeletonJelly's ghost
  6791 | D:6      | Found a hide-covered altar of Uskayaw.
  6955 | D:7      | Found Asosk's Magic Scroll Boutique.
  6966 | D:7      | Reached skill level 10 in Maces & Flails
  7262 | D:7      | Identified the +4 quarterstaff of Igaxyz {venom, *Noise
                  | rElec rN+}
  7408 | D:7      | Noticed a troll
  7417 | D:7      | Killed a troll
  8015 | D:8      | Reached skill level 11 in Maces & Flails
  8275 | D:8      | Found a staircase to the Lair.
  8397 | D:8      | Noticed a two-headed ogre
  8411 | D:8      | Killed a two-headed ogre
  8412 | D:8      | Gained mutation: You have an absolutely massive brain. (Int
                  | +6, Wiz) [demonic ancestry]
  8412 | D:8      | Reached XP level 10. HP: 13/71 MP: 16/16
  8767 | D:8      | Noticed Joseph
  8775 | D:8      | Killed Joseph
  8776 | D:8      | Reached skill level 12 in Maces & Flails
  9338 | D:7      | Bought a scroll of enchant weapon for 90 gold pieces
  9338 | D:7      | Bought a scroll of torment for 114 gold pieces
 10062 | D:9      | Noticed Erica
 10083 | D:9      | Killed Erica
 10084 | D:9      | Reached skill level 13 in Maces & Flails
 10410 | D:9      | Noticed a two-headed ogre
 10423 | D:9      | Killed a two-headed ogre
 10424 | D:9      | Reached skill level 1 in Shields
 11121 | D:10     | Entered Level 10 of the Dungeon
 11121 | D:10     | Found Xehiyc's Armour Shoppe.
 11282 | D:10     | Noticed a two-headed ogre
 11293 | D:10     | Mangled by a two-headed ogre

Illustrated notes

Levels and vault maps discovered:
D:1:      sevenhm_arrival_forest_fort_large_2, layout_rooms, minivault_11
D:2:      layout_basic
D:3:      kennysheep_goblin_castle, layout_basic
D:4:      layout_loops_corners, riverfiend_overflow_shadow_ancestor,
          mainiacjoe_overflow_swirl, uniq_eustachio, uniq_natasha
D:5:      layout_basic, uniq_prince_ribbit1, uniq_edmund, uniq_pikel
D:6:      layout_rooms, general_overflow_altar, nicolae_overflow_hidden_temple,
          minmay_temple_entry_gardened_gates, ebering_ghost_sewer_d,
          kennysheep_generic_room_14
D:7:      layout_loops_ring, serial_shops, nicolae_shop_hallway_plus,
          kennysheep_small_spiral
D:8:      layout_gridville, lair_entry_dummy, grunt_ministairs_5,
          roderic_serpentine_path, grunt_decor_arrowhead,
          nicolae_kite_square_tiling_tiny, kennysheep_generic_room_12,
          uniq_joseph
D:9:      layout_loops_ring, uniq_erica
D:10:     layout_basic, ashenzari_conservatory_becter, orc_0_dummy,
          serial_shops, shop_fountains, lightli_wizard_tower
Temple:   hellmonk_temple_divided_pantheon

Skill      XL: |  1  2  3  4  5  6  7  8  9 10 |
---------------+-------------------------------+-----
Stealth        | 1 |  1.0
Evocations     | 1 |  1.0
Maces & Flails | 3 4 5 6 7 9 11 13 | 13.6
Armour         | 1 2 3 4 |  4.0
Fighting       | 4 |  4.0
Spellcasting   | 2 4 |  4.0
Shields        | 2 |  2.0
Throwing       | |  1.7
Dodging        | |  2.6

Action                   |  1- 3 |  4- 6 |  7- 9 | 10-12 || total
-------------------------+-------+-------+-------+-------++-------
Melee: Flail             |    67 |       |       |       ||    67
       Long sword        |    24 |    73 |    17 |       ||   114
       Tailslap          |       |       |    30 |    21 ||    51
       Dire flail        |       |       |   210 |    15 ||   225
       Bite              |       |       |    24 |    26 ||    50
       Morningstar       |       |       |       |    95 ||    95
Throw: Dart              |       |       |     5 |       ||     5
       Boomerang         |       |       |       |     1 ||     1
Evoke: Wand              |       |       |     5 |       ||     5
  Use: Scroll            |       |     8 |     5 |     2 ||    15
       Potion            |       |     6 |     3 |     2 ||    11
 Stab: Sleeping          |     1 |       |       |       ||     1
Armor: Ring mail         |    49 |       |       |       ||    49
       Scale mail        |       |    21 |       |       ||    21
       Chain mail        |       |    22 |    16 |       ||    38
       Skin              |       |     1 |       |       ||     1
       Plate armour      |       |       |   110 |    54 ||   164
Dodge: Dodged            |    49 |    34 |    59 |     3 ||   145
Block: Other             |       |       |    21 |     1 ||    22
       Reflection        |       |       |     2 |       ||     2
       Kite shield       |       |       |       |    54 ||    54

Table legend: (Time is in decaauts)
 A = Elapsed time spent in this place.
 B = Non-inter-level travel time spent in this place.
 C = Inter-level travel time spent in this place.
 D = Time resting spent in this place.
 E = Time spent auto-exploring this place.
 F = Levels seen in this place.
 G = Mean time per level.
                   A        B        C        D        E       F      G
               +--------+--------+--------+--------+--------+-----+--------+
         Total |  11350 |   9820 |   1530 |   2602 |   5309 |  11 | 1031.8 |
       Dungeon |  11297 |   9767 |   1530 |   2602 |   5309 |  10 | 1129.7 |
        Temple |     52 |     52 |      0 |      0 |      0 |   1 |   52.0 |
               +--------+--------+--------+--------+--------+-----+--------+

Top non-repeatable levels by time:
     D:9: 1695 daAuts
     D:8: 1532 daAuts
     D:4: 1330 daAuts
     D:6: 1310 daAuts
     D:5: 1256 daAuts
     D:3: 1200 daAuts
     D:1: 1022 daAuts
     D:7: 1020 daAuts
     D:2: 900 daAuts
  Temple: 52 daAuts
    D:10: 29 daAuts
